 Dungeon Crawl Stone Soup version 0.28-a0-1241-gf280a0fbb2 (webtiles) character file.

Game seed: 13711971614620591895

7158 Grim the Cleaver (level 10, 0/97 HPs)
             Began as a Minotaur Berserker on Dec 26, 2021.
             Was a Priest of Trog.
             Slain by a two-headed ogre (14 damage)
             ... on level 11 of the Dungeon.
             The game lasted 00:17:56 (10726 turns).

Grim the Cleaver (Minotaur Berserker)              Turns: 10726, Time: 00:17:56

Health: 0/97       AC: 16    Str: 23    XL:     10   Next: 86%
Magic:  9/9        EV:  7    Int:  8    God:    Trog [***...]
Gold:   298        SH:  0    Dex:  9    Spells: 9/9 levels left

rFire   . . .      SeeInvis +   a - +4 hand axe (freeze)
rCold   . . .      Faith    .   (no shield)
rNeg    . . .      Spirit   .   t - +0 plate armour
rPois   .          Reflect  .   y - +0 hat
rElec   .          Harm     .   G - +2 cloak
rCorr   .          Rampage  .   (no gloves)
Will    ++...                   (no boots)
Stlth   ..........              z - amulet of regeneration
HPRegen 2.06/turn               e - ring of see invisible
MPRegen 0.11/turn               (no ring)

@: strong-willed, on berserk cooldown, regenerating, slowed, invisible, very
slow
A: horns 2, retaliatory headbutt
a: Renounce Religion, Berserk, Trog's Hand


You were on level 11 of the Dungeon.
You worshipped Trog.
Trog was most pleased with you.
You visited 1 branch of the dungeon, and saw 11 of its levels.

You collected 578 gold pieces.
You spent 280 gold pieces at shops.

Inventory:

Hand Weapons
 a - a +4 hand axe of freezing (weapon)
 b - a +0 longbow of flaming
 E - a +0 battleaxe
Missiles
 k - 376 stones (quivered)
 p - 62 poisoned darts
 B - 50 arrows
 I - 2 javelins
Armour
 t - a +0 plate armour (worn)
 y - a +0 hat (worn)
 G - a +2 cloak (worn)
 N - a +0 cloak
Jewellery
 e - a ring of see invisible (left hand)
 z - an amulet of regeneration (around neck)
 O - a ring of fire
Wands
 h - a wand of acid (3)
 D - a wand of charming (9)
 F - a wand of flame (17)
 K - a wand of digging (8)
Scrolls
 i - 2 scrolls of amnesia {unknown}
 j - 2 scrolls of vulnerability {unknown}
 l - a scroll of fog {unknown}
 m - a scroll of acquirement {unknown}
 n - 2 scrolls of identify
 r - 2 scrolls of noise {unknown}
 u - a scroll of enchant armour {unknown}
 v - a scroll of enchant weapon {unknown}
 w - a scroll of fear {unknown}
 x - a scroll of silence {unknown}
 A - a scroll of summoning {unknown}
 H - a scroll of holy word {unknown}
Potions
 c - 2 potions of curing
 d - 2 potions of lignification
 f - 3 potions of degeneration {!q}
 g - a potion of might
 o - 2 potions of resistance
 q - a potion of brilliance
 s - a potion of haste
 C - a potion of invisibility
 J - a potion of flight {unknown}
 L - a potion of magic {unknown}
 M - 2 potions of heal wounds {unknown}


   Skills:
 - Level 12.0 Fighting
 + Level 12.8 Axes
 + Level 8.3 Bows
 * Level 6.1 Armour
 - Level 2.1 Dodging


You had 9 spell levels left.
You didn't know any spells.
Your spell library was empty.

Dungeon Overview and Level Annotations

Branches:
Dungeon (11/15)            Temple (0/1) D:5
   Lair: D:8-11         Orc: D:9-12

Altars:
Dithmenos
Elyvilon
Fedhas
Gozag
Makhleb
Nemelex Xobeh
Okawaru
Qazlal
Ru
Sif Muna
Trog
Wu Jian
Yredelemnul

Shops:
D:1 (   D:4 (   D:10 *

Annotations:
D:9 1 runed translucent door


Innate Abilities, Weirdness & Mutations

You have a pair of horns on your head.
You reflexively headbutt those who attack you in melee.


Message History

Your +0 longbow of flaming bursts into flame!
b - a +0 longbow of flaming (weapon)
You shoot an arrow.
The arrow closely misses the two-headed ogre.
You shoot an arrow. The arrow hits the two-headed ogre!
The arrow burns the two-headed ogre.
The two-headed ogre is moderately wounded.
A gargoyle comes into view.
It is wielding a +2 flail of holy wrath.
The two-headed ogre hits you with a +0 giant spiked club! x2
The gargoyle moves out of view.
Your +0 longbow of flaming stops flaming.
Your +4 hand axe of freezing glows with a cold blue light!
a - a +4 hand axe of freezing (weapon)
You hit the two-headed ogre. You freeze the two-headed ogre.
The two-headed ogre is moderately wounded.
The two-headed ogre closely misses you.
The two-headed ogre hits you with a +0 giant spiked club!
* * * LOW HITPOINT WARNING * * *
You slash the two-headed ogre! You freeze the two-headed ogre.
The two-headed ogre is heavily wounded.
The two-headed ogre hits you with a +0 giant spiked club!
* * * LOW HITPOINT WARNING * * *
The two-headed ogre barely misses you.
You hit the two-headed ogre but do no damage.
The two-headed ogre is heavily wounded.
You completely miss the two-headed ogre.
You headbutt the two-headed ogre!
The two-headed ogre is severely wounded.
The two-headed ogre hits you with a +0 giant spiked club!
* * * LOW HITPOINT WARNING * * *
The two-headed ogre barely misses you.
Your skin crawls.
You feel strong-willed.
The two-headed ogre hits you with a +0 giant spiked club!!
* * * LOW HITPOINT WARNING * * *
The two-headed ogre closely misses you.
You fade into invisibility!
The two-headed ogre closely misses you.
The two-headed ogre hits you with a +0 giant spiked club!
You die...

#..#
#.(########
#..........
#..†.......
#..########
#..# #.(#
#.O# #.@#
#..# #..#
#..#
#..#######
#.........
#.........
#..#######
#..# ..#


You could see a two-headed ogre.

Vanquished Creatures
  2 two-headed ogres (D:9)
  Pikel (D:8)
  Joseph (D:8)
  Maggie (D:7)
  A troll (D:9)
  A basilisk (D:11)
  3 vampire mosquitoes (D:10)
  2 steam dragons
  Edmund (D:6)
  2 water moccasins
  7 orc warriors
  3 black bears
  A sky beast (D:6)
  2 ogres
  A centaur (D:6)
  2 phantoms
  A kobold brigand (D:10)
  5 bullfrogs
  A gnoll sergeant (D:10)
  2 scorpions
  6 killer bees (D:11)
  10 wights (D:8)
  3 howler monkeys
  3 hounds
  A human zombie (D:9)
  7 orc priests
  2 centaur skeletons
  Jessica (D:2)
  3 iguanas
  8 orc wizards
  A hound skeleton (D:4)
  2 howler monkey zombies
  3 gnolls (D:10)
  3 adders
  2 white imps
  2 ufetubi (D:6)
  An adder skeleton (D:4)
  2 dart slugs
  29 orcs
  8 ball pythons
  3 bats (D:1)
  10 endoplasms
  2 giant cockroaches
  5 goblins
  7 hobgoblins
  4 jackals (D:2)
  6 quokkas
  3 frilled lizards
  A jackal skeleton (D:9)
  6 kobolds
  3 rats
187 creatures vanquished.

Vanquished Creatures (others)
  5 fungi (D:6)
  5 toadstools (D:6)
10 creatures vanquished.

Grand Total: 197 creatures vanquished

Notes
Turn   | Place    | Note
-------+----------+-------------------------------------------
     0 | D:1      | Grim the Minotaur Berserker began the quest for the Orb.
     0 | D:1      | Reached XP level 1. HP: 19/19 MP: 0/0
   132 | D:1      | Reached XP level 2. HP: 26/26 MP: 1/1
   429 | D:1      | Found Laydoj's Weapon Boutique.
   706 | D:1      | Reached skill level 5 in Axes
   815 | D:1      | Found a faded altar of an unknown god.
   944 | D:1      | Reached XP level 3. HP: 26/31 MP: 2/2
  1209 | D:2      | Reached ** piety under Trog
  1363 | D:2      | Noticed Jessica
  1370 | D:2      | Killed Jessica
  1371 | D:2      | Reached XP level 4. HP: 39/39 MP: 3/3
  2171 | D:3      | Noticed an ogre
  2181 | D:3      | Killed an ogre
  2182 | D:3      | Reached XP level 5. HP: 32/45 MP: 4/4
  2707 | D:4      | Found a sparkling altar of Nemelex Xobeh.
  2738 | D:4      | Found Harastol's Antique Weapon Shoppe.
  2777 | D:4      | Found an opulent altar of Gozag.
  2993 | D:4      | Noticed a black bear
  3001 | D:4      | Killed a black bear
  3002 | D:4      | Reached XP level 6. HP: 51/51 MP: 5/5
  3017 | D:4      | Noticed a steam dragon
  3382 | D:4      | Reached XP level 7. HP: 44/57 MP: 6/6
  3451 | D:4      | Found a bloodstained altar of Trog.
  3495 | D:4      | Killed a steam dragon
  3496 | D:4      | Reached skill level 10 in Axes
  3624 | D:4      | Found a white marble altar of Elyvilon.
  3723 | D:5      | Entered Level 5 of the Dungeon
  4505 | D:5      | Found a staircase to the Ecumenical Temple.
  5036 | D:5      | Found an ornate altar of the Wu Jian Council.
  5162 | D:6      | Reached XP level 8. HP: 40/64 MP: 7/7
  5422 | D:6      | Found a burning altar of Makhleb.
  5843 | D:6      | Reached skill level 5 in Fighting
  5844 | D:6      | Reached skill level 1 in Bows
  6286 | D:6      | Found a shadowy altar of Dithmenos.
  6286 | D:6      | Found a sacrificial altar of Ru.
  6332 | D:6      | Noticed Edmund
  6349 | D:6      | Killed Edmund
  7112 | D:7      | Noticed Maggie
  7131 | D:7      | Killed Maggie
  7132 | D:7      | Reached XP level 9. HP: 42/81 MP: 8/8
  7274 | D:7      | Found an iron altar of Okawaru.
  7283 | D:7      | You fall into a shaft and drop 1 floor!
  7345 | D:8      | Noticed Pikel
  7355 | D:8      | Killed Pikel
  7356 | D:8      | Reached skill level 5 in Bows
  7476 | D:8      | Reached skill level 10 in Fighting
  8242 | D:8      | Noticed Joseph
  8255 | D:8      | Killed Joseph
  8256 | D:8      | Reached XP level 10. HP: 96/96 MP: 9/9
  8502 | D:8      | Found a shimmering blue altar of Sif Muna.
  8801 | D:9      | Noticed a two-headed ogre
  8807 | D:9      | Killed a two-headed ogre
  8831 | D:9      | Found a stormy altar of Qazlal.
  8881 | D:9      | Reached *** piety under Trog
  8951 | D:9      | Found a runed translucent door.
  8956 | D:9      | Found a basalt altar of Yredelemnul.
  9233 | D:9      | Noticed a two-headed ogre
  9243 | D:9      | Killed a two-headed ogre
  9664 | D:10     | Entered Level 10 of the Dungeon
  9948 | D:10     | Found Mysutip's Neck Hole.
  9954 | D:10     | Bought a +2 cloak for 280 gold pieces
 10072 | D:10     | Reached skill level 5 in Armour
 10101 | D:10     | Found a blossoming altar of Fedhas.
 10712 | D:11     | Noticed a two-headed ogre
 10719 | D:11     | Noticed a gargoyle
 10726 | D:11     | Slain by a two-headed ogre

Illustrated notes

Levels and vault maps discovered:
D:1:      minmay_arrival_diagonal_passages, layout_loops_ring,
          ebering_ecumenical_altar_mist, serial_shops,
          nicolae_shop_bloodbath_and_beyond, minmay_strange_pillars
D:2:      layout_rooms, minmay_strange_pillars, uniq_jessica
D:3:      layout_basic
D:4:      layout_rooms, nicolae_overflow_crystal_walls, trog_ov_bears_minmay,
          kennysheep_mini_moat, grunt_gozag_statues, serial_shops,
          nicolae_shop_statue_plus
D:5:      layout_layer_cave, mainiacjoe_overflow_alcove_4,
          lemuel_temple_firewalk_b
D:6:      kb_forest_paths, layout_basic, lemuel_tele_altar,
          gammafunk_temple_overflow_elements, serial_corexii_hall,
          corexii_hall_statues_deadend, chequers_hall_statues_y,
          corexii_hall_statues_i, chequers_hall_statues_wall_a,
          minmay_gold_behind_fungi, chequers_jeans, uniq_edmund
D:7:      layout_loops_ring, mainiacjoe_overflow_small_starburst, uniq_maggie
D:8:      layout_rooms, marbit_many_paths, uniq_joseph, uniq_pikel
D:9:      layout_roguey, dk_yredelemnul_ordeal, grunt_qazlal_clouds
D:10:     layout_stronghold, fedhas_altar_4, nicolae_shop_sticking_my_neck_out
D:11:     layout_small_grid, erik_lair_orcish_takeover,
          portal_ice_cave_demonic_guard, enter_bailey_5

Skill      XL: |  1  2  3  4  5  6  7  8  9 10 |
---------------+-------------------------------+-----
Axes           | 4 5 6 7 8 9 11 12 | 12.8
Fighting       | 8 11 12 | 12.0
Bows           | 3 6 8 |  8.3
Armour         | 6 |  6.1
Dodging        | |  2.1

Action                   |  1- 3 |  4- 6 |  7- 9 | 10-12 || total
-------------------------+-------+-------+-------+-------++-------
Melee: Hand axe          |    64 |   105 |   174 |    98 ||   441
       Headbutt          |     3 |    11 |    37 |     9 ||    60
 Fire: Shortbow          |       |       |    50 |       ||    50
       Longbow           |       |       |    16 |    71 ||    87
Throw: Stone             |       |    24 |       |       ||    24
Invok: Berserk           |     1 |     5 |     9 |     5 ||    20
       Trog's Hand       |       |       |     4 |     2 ||     6
  Use: Scroll            |       |       |       |     5 ||     5
       Potion            |       |       |       |     1 ||     1
 Stab: Sleeping          |     1 |       |       |       ||     1
Armor: Animal skin       |     2 |       |       |       ||     2
       Ring mail         |    10 |     3 |       |       ||    13
       Leather armour    |     4 |       |       |       ||     4
       Chain mail        |       |    37 |    48 |     9 ||    94
       Plate armour      |       |       |       |    36 ||    36
Dodge: Dodged            |    38 |    50 |    45 |    44 ||   177

Table legend: (Time is in decaauts)
 A = Elapsed time spent in this place.
 B = Non-inter-level travel time spent in this place.
 C = Inter-level travel time spent in this place.
 D = Time resting spent in this place.
 E = Time spent auto-exploring this place.
 F = Levels seen in this place.
 G = Mean time per level.
                   A        B        C        D        E       F      G
               +--------+--------+--------+--------+--------+-----+--------+
         Total |  10812 |  10346 |    466 |   1860 |   7010 |  11 |  982.9 |
       Dungeon |  10812 |  10346 |    466 |   1860 |   7010 |  11 |  982.9 |
               +--------+--------+--------+--------+--------+-----+--------+

Top non-repeatable levels by time:
     D:6: 1948 daAuts
     D:5: 1459 daAuts
     D:1: 1208 daAuts
     D:3: 1207 daAuts
    D:10: 935 daAuts
     D:9: 915 daAuts
     D:4: 886 daAuts
     D:7: 826 daAuts
     D:8: 785 daAuts
     D:2: 506 daAuts
    D:11: 134 daAuts
